 Dungeon Crawl Stone Soup version 0.17-a0-1718-g72dbe4d (webtiles) character file.

554 Yloidan the Insei (level 7, -4/60 HPs)
             Began as a Hill Orc Monk on Aug 26, 2015.
             Was a Believer of Beogh.
             Slain by an ogre
             ... wielding a +0 giant spiked club
              (7 damage)
             ... on level 5 of the Dungeon.
             The game lasted 00:34:37 (4143 turns).

Yloidan the Insei (Hill Orc Monk)                   Turns: 4143, Time: 00:34:38

Health: -4/60      AC: 11    Str: 14    XL:     7   Next: 30%
Magic:  7/7        EV: 12    Int: 10    God:    Beogh [**....]
Gold:   171        SH:  0    Dex: 15    Spells: 1 memorised, 4 levels left

rFire  . . .     SeeInvis .     M - +2 dagger (protect)
rCold  . . .     Clarity  .     k - +0 ring mail
rNeg   . . .     SustAt   .     (no shield)
rPois  .         Gourm    .     (no helmet)
rElec  .         Spirit   .     (no cloak)
rCorr  .         Warding  .     (no gloves)
rMut   .         Stasis   .     (no boots)
MR     .....                    (no amulet)
Stlth  +.........               (no ring)
                                (no ring)

@: not resistant to hostile enchantments, very unstealthy
A: no striking features
a: Smiting, Renounce Religion


You were on level 5 of the Dungeon.
You worshipped Beogh.
Beogh was pleased with you.
You were hungry.

You visited 1 branch of the dungeon, and saw 6 of its levels.

You collected 171 gold pieces.

Inventory:

Hand weapons
 v - a -1 quarterstaff
 y - a +0 hunting sling
 D - a +2 vampiric spear
 I - a +0 hunting sling
 M - a +2 dagger of protection (weapon)
 T - a +0 dagger
 U - a +1 dagger of electrocution
Missiles
 e - 8 bolts of penetration
 f - 18 poisoned needles
 n - 40 arrows
 t - 2 tomahawks (quivered)
 x - 77 stones
 C - 16 bolts
Armour
 a - a +0 robe
 k - a +0 ring mail (worn)
 P - a +0 robe
 X - a +0 robe
 Y - a +0 robe
Jewellery
 b - a cursed -2 ring of dexterity
Magical devices
 w - a wand of disintegration (8)
Scrolls
 J - 2 scrolls of remove curse
Books
 p - a book of Dreams

   Spells                             Type                      Level
   a - Ensorcelled Hibernation        Hexes/Ice                    2
   b - Phase Shift                    Translocation                5
   c - Shadow Creatures               Summoning                    5
   d - Silence                        Hexes/Air                    5
   e - Darkness                       Hexes                        6
   f - Mass Confusion                 Hexes                        6
Comestibles
 z - a meat ration


   Skills:
 + Level 4.8 Fighting
 + Level 0.4 Short Blades
 + Level 1.4 Staves
 + Level 4.3 Armour
 + Level 3.9 Dodging
 + Level 2.0 Stealth
 + Level 5.4 Unarmed Combat
 + Level 0.3 Invocations
 + Level 1.2 Evocations


You had 4 spell levels left.
You knew the following spells:

 Your Spells              Type           Power        Failure   Level  Hunger
a - Ensorcelled Hibernat  Hex/Ice        #.....       91%         2    ###....


Dungeon Overview and Level Annotations

Branches:
Dungeon (6/15)
 Temple: D:4-7

Altars:
Fedhas


Message History

The ogre is severely wounded.
Read which item? (? for menu, Esc to quit)
As you read the scroll labeled PYDOVE ZOLUONE, it crumbles to dust.
The scroll dissolves into smoke.
It was a scroll of fog.
The ogre completely misses you.
You can't go down here!
The ogre hits you with a giant spiked club.
* * * LOW HITPOINT WARNING * * *
You climb upwards.
There is a stone staircase leading down here.
You hit the ogre.
The ogre is almost dead.
You hit the ogre but do no damage.
The ogre is almost dead.
The ogre hits you with a giant spiked club!
* * * LOW HITPOINT WARNING * * *
You barely miss the ogre.
The ogre is almost dead.
The ogre hits you with a giant spiked club!
You die...

...####..## ##....#
##...# ....#
##..####.....###.###.#
#...##
##...........#.##
##...###..#...........#
.#....#..######......##
..#.....## #.....##
...#...## ##....#
#.....## #....###
##....# #@O....#
....... #.####...#
.......# #..# ###...
###..... #.## . #.....
.. ... . ...# . ...#


You could see an ogre.

Vanquished Creatures
  A water moccasin (D:5)
  A phantom (D:4)
  A giant frog (D:6)
  A centaur skeleton (D:4)
  A hound (D:5)
  2 worker ants (D:5)
  3 orc wizards (D:5)
  2 gnolls
  2 adders
  2 worms
  2 giant geckos
  12 orcs
  A ball python (D:4)
  3 hobgoblins
  2 kobolds (D:1)
  A quokka (D:4)
  2 bats
  A giant newt (D:2)
  2 goblins
  A jackal zombie (D:5)
  8 rats
51 creatures vanquished.

Vanquished Creatures (others)
  An orc (D:3)
1 creature vanquished.

Grand Total: 52 creatures vanquished

Notes
Turn   | Place    | Note
--------------------------------------------------------------
     0 | D:1      | Yloidan the Hill Orc Monk began the quest for the Orb.
     0 | D:1      | Reached XP level 1. HP: 19/19 MP: 1/1
   262 | D:1      | Reached XP level 2. HP: 15/26 MP: 2/2
   729 | D:2      | Reached skill level 5 in Unarmed Combat
   729 | D:2      | Reached XP level 3. HP: 14/33 MP: 3/3
  1216 | D:3      | Learned a level 2 spell: Ensorcelled Hibernation
  1249 | D:3      | Became a worshipper of Beogh the Brigand
  1249 | D:3      | Acquired Beogh's first power
  1249 | D:3      | Acquired Beogh's second power
  1586 | D:4      | Reached XP level 4. HP: 14/40 MP: 4/4
  1656 | D:5      | Entered Level 5 of the Dungeon
  2132 | D:4      | Noticed a phantom
  2183 | D:4      | Killed a phantom
  2183 | D:4      | Reached skill level 1 in Staves
  2183 | D:4      | Reached XP level 5. HP: 26/46 MP: 5/5
  2542 | D:5      | Reached skill level 1 in Evocations
  2895 | D:5      | Noticed a water moccasin
  2926 | D:5      | Killed a water moccasin
  2926 | D:5      | Reached XP level 6. HP: 12/53 MP: 6/6
  3331 | D:5      | Found a blossoming altar of Fedhas.
  3558 | D:5      | Reached XP level 7. HP: 48/60 MP: 7/7
  4142 | D:5      | HP: 3/60 [ogre/giant spiked club (11)]
  4143 | D:5      | Slain by an ogre

Vault maps used:
D:1:      dpeg_arrival_ratfight
D:3:      okawaru_gym_becter, first_bread, minmay_large_rounded_square
D:5:      nicolae_overflow_crystal_walls, lightli_sewer_entry_pipes
D:6:      xom_teletrap_fun, gammafunk_temple_overflow_claw,
          minmay_temple_entry_glass

Action                   |  1- 3 |  4- 6 |  7- 9 || total
-------------------------+-------+-------+-------++-------
Melee: Unarmed           |    66 |    64 |       ||   130
       Quarterstaff      |    22 |    15 |       ||    37
       Dagger            |       |    97 |    87 ||   184
Invok: Convert to Beogh  |     1 |       |       ||     1
       Smiting           |       |     1 |       ||     1
Evoke: Wand              |       |     5 |       ||     5
  Use: Scroll            |     4 |     7 |     1 ||    12
       Potion            |     1 |     4 |     1 ||     6
 Stab: Sleeping          |     1 |       |       ||     1
  Eat: Bread ration      |     1 |     1 |       ||     2
       Chunk             |       |     1 |     1 ||     2
